Description

The build skips Ling Speed and uses early Queens and Roaches to defend together with a wall off.

A quick timing attack with Roaches is used while the 3rd gets droned up.

Eventually, a +2 Roach Ravager Timing is the Goal to close out the game.

VOD

https://www.youtube.com/watch?v=ZBi4ts1B77o

Replay - Railgan v TheWay - Abyssal Reef LE

Build Order

Get SALT Encoding   

  12  0:02  Drone  
  13  0:13  Overlord  
  13  0:17  Drone  
  14  0:31  Drone x3  
  17  0:45  Spawning Pool  
  17  0:48  Drone  
  17  0:56  Drone  
  18  1:12  Hatchery  
  18  1:14  Extractor  
  16  1:18  Drone x2  
  18  1:32  Queen, Zergling x2  
  21  1:42  Spine Crawler  
  21  1:43  Drone  
  21  1:50  Overlord  
  23  2:09  Queen  
  28  2:32  Queen  
  31  2:46  Overlord  
  35  2:53  Lair  
  35  3:02  Roach Warren  
  34  3:11  Evolution Chamber  
  34  3:18  Overlord  
  37  3:26  Evolution Chamber  
  41  3:36  Extractor  
  40  3:42  Zerg Missile Weapons Level 1  
  42  3:50  Roach  
  44  3:56  Roach x4  
  44  4:00  Extractor  
  51  4:09  Overlord  
  52  4:22  Glial Reconstitution  
  54  4:34  Hatchery  
  59  4:48  Roach x2  
  63  4:58  Roach x3  
  69  5:03  Hatchery  
  91  5:56  Zerg Missile Weapons Level 2  
  95  5:58  Zerg Ground Armor Level 1  
  100  6:21  Extractor  
  110  6:44  Extractor  
  115  6:54  Ravager x5  
  115  6:56  Hatchery  
  128  8:01  Queen  
  132  8:06  Ravager x2, Hatchery  
  143  8:17  Extractor  
  174  8:55  Overseer  
Spawning Tool Build Advisor. Get it on Overwolf

Go to:

Details

  • Created by: railgan      
  • Published on: Mar 26, 2017
  • Modified on: Apr 03, 2017
  • Patch: 3.8.0
Show
View Real Time Build Order
Export as new Build Order

Comments (0)

There are no comments. Be the first!

Create an account to comment!